 Dungeon Crawl Stone Soup version 0.31.0-11-ge490571c62 (webtiles) character file.

Game seed: 5245017130601106967

2498 qw the Spry (level 9, -9/51 HPs)
             Began as a Spriggan Hunter on Feb 3, 2024.
             Was a Believer of Okawaru.
             Killed from afar by an electric eel (15 damage)
             ... with a bolt of electricity
             ... on level 7 of the Dungeon.
             The game lasted 00:00:23 (4574 turns).

qw the Spry (Spriggan Hunter)                       Turns: 4574, Time: 00:00:24

Health: -9/51      AC:  6    Str:  7    XL:     9   Next: 28%
Magic:  12/12      EV: 32    Int: 11    God:    Okawaru [**....]
Gold:   377        SH:  0    Dex: 22    Spells: 8/8 levels left

rFire   + . .        m - +0 orcbow
rCold   + . .        (shield currently unavailable)
rNeg    . . .        c - +0 robe
rPois   .            (helmet restricted)
rElec   .            o - scarf {rC+ rF+}
rCorr   +            (gloves unavailable)
SInv    +            (boots unavailable)
Will    +....        (no amulet)
Stlth   +            e - +4 ring of protection
HPRegen 0.28/turn    p - ring of resist corrosion
MPRegen 0.13/turn

%: no passive effects
@: about to teleport, slow
A: very small, no large weapons, unfitting armour, see invisible, speed 3
a: Renounce Religion, Heroism


You were on level 7 of the Dungeon.
You worshipped Okawaru.
Okawaru was pleased with you.
You visited 1 branch of the dungeon, and saw 7 of its levels.

You collected 377 gold pieces.


Innate Abilities, Weirdness & Mutations

You are very small and have problems with some larger weapons.
You are too small for most types of armour.
You have supernaturally acute eyesight. (SInv)
You cover ground extremely quickly. (Speed+++)


   Skills:
 - Level 7.8 Fighting
 + Level 7.9 Ranged Weapons
 - Level 15.1 Dodging
 - Level 1.5 Stealth
 + Level 3.4 Invocations


You had 8 spell levels left.
You didn't know any spells.
Your spell library was empty.

Inventory:

Hand Weapons
 m - a +0 orcbow (weapon)
Armour
 c - a +0 robe (worn)
 o - a scarf of resistance (worn)
Jewellery
 e - a +4 ring of protection (left hand)
 p - a ring of resist corrosion (right hand)
 Y - a ring of positive energy
Wands
 b - a wand of mindburst (12)
Scrolls
 h - 4 scrolls of teleportation
Potions
 a - a potion of cancellation {unknown}
 d - a potion of enlightenment
 f - a potion of might
 i - 2 potions of haste
 j - 3 potions of curing
 k - a potion of mutation {unknown}
 l - a potion of lignification {unknown}
 n - a potion of heal wounds {unknown}

Dungeon Overview and Level Annotations

Branches:
Dungeon (7/15)             Temple (0/1) D:7

Altars:
Elyvilon
Hepliaklqana
Kikubaaqudgha
Makhleb
Okawaru
Wu Jian
The Shining One

Annotations:
D:7 exclusion: 3 electric eels


Message History

Enter note:
Enter note:
Enter note:
Enter note:
Enter note:
Enter note:
Enter note:
Enter note:
Enter note:
Enter note:
Enter note: An electric eel comes into view.
Enter note:
Enter note:
Enter note:
Enter note:
Enter note:
Enter note:
Enter note:
Enter note:
Enter note:
Enter note:
Enter note:
Enter note:
Enter note:
Enter note:
Enter note:
Enter note:
Enter note:
Enter note: You enter the shallow water.
Moving in this stuff is going to be slow.
The electric eel shoots out a bolt of lightning at you!
The bolt of electricity hits you!
4574 ||| READING 5 scrolls of teleportation.
As you read the scroll of teleportation, it crumbles to dust.
You feel strangely unstable.
The electric eel shoots out a bolt of lightning at you!
The bolt of electricity hits you!
You die...

##.### ##.~~~~~.~~~~
. #..~~S~~.~~~~. ..
........~~~~..
#.#.~~~~.......###
### ...~~~).~~~~~.#..
... #.~~~~.~~~~~.#.#
..#
#.~~~~.~S~~~.#.###...
#.~~@~.~~~~~.#.#....#
#......).....#)#.# #
#####.)#######)#)##.#
##).......).)...#
###########.#### #.#
#.# #.# #.#


You could see 2 electric eels.

Vanquished Creatures
  A hornet (D:7)
  A wyvern (D:7)
  An acid dragon (D:6)
  A black bear (D:6)
  A centaur (D:4)
  2 phantoms (D:6)
  2 kobold brigands
  A bullfrog (D:6)
  A gnoll sergeant (D:6)
  4 scorpions
  6 killer bees (D:7)
  2 bombardier beetles
  A jelly (D:6)
  An orc priest (D:7)
  A hound (D:6)
  3 iguanas
  2 sleepcaps (D:5)
  2 orc wizards
  Natasha (twice) (D:3)
  7 gnolls
  6 adders
  2 shadow imps
  A white imp (D:7)
  7 ufetubi
  5 dart slugs
  3 ribbon worms
  21 orcs
  6 ball pythons
  12 bats
  6 endoplasms
  3 giant cockroaches
  8 goblins
  12 hobgoblins
  2 jackals (D:4)
  2 quokkas
  3 frilled lizards (D:1)
  19 kobolds
  4 rats
164 creatures vanquished.

Vanquished Creatures (others)
  An orc priest (D:7)
1 creature vanquished.

Grand Total: 165 creatures vanquished

Notes
Turn   | Place    | Note
-------+----------+-------------------------------------------
     0 | D:1      | qw the Spriggan Hunter began the quest for the Orb.
     0 | D:1      | Reached XP level 1. HP: 10/10 MP: 2/2
     0 | D:1      | 0 ||| qw: Version: 0.3-a-155-g5e7d8dd
     0 | D:1      | 0 ||| qw: Game counter: 3078
     0 | D:1      | 0 ||| qw: Melee chars always use a shield: true
     0 | D:1      | 0 ||| qw: God list: Okawaru
     0 | D:1      | 0 ||| qw: Allow faded altars: false
     0 | D:1      | 0 ||| qw: Do Orc after clearing Dungeon:15 true
     0 | D:1      | 0 ||| qw: Do second Lair branch before Depths: true
     0 | D:1      | 0 ||| qw: Lair rune preference: random
     0 | D:1      | 0 ||| qw: Goals: Normal
     0 | D:1      | 0 ||| PLANNING D:1-11
    11 | D:1      | Reached skill level 3 in Dodging
   121 | D:1      | Reached XP level 2. HP: 14/14 MP: 3/3
   160 | D:1      | Reached skill level 4 in Dodging
   360 | D:1      | Reached XP level 3. HP: 18/18 MP: 4/4
   611 | D:1      | 611 ||| UPGRADING to +4 ring of protection.
   612 | D:1      | 612 ||| UPGRADING to ring of positive energy.
   613 | D:1      | 613 ||| READING 4 scrolls labelled RUNNOBUZED.
   613 | D:1      | 613 ||| IDENTIFYING sapphire potion
   614 | D:1      | 614 ||| READING 3 scrolls of identify.
   614 | D:1      | 614 ||| IDENTIFYING scroll labelled KEWNANUIPS
   615 | D:1      | 615 ||| READING 2 scrolls of identify.
   615 | D:1      | 615 ||| IDENTIFYING scroll labelled EVUOPE OQEDGHOFESK
   616 | D:1      | 616 ||| READING scroll of identify.
   616 | D:1      | 616 ||| IDENTIFYING 2 scrolls labelled MAFUWNAANN
   617 | D:1      | 617 ||| DROPPING scroll of butterflies.
   618 | D:1      | 618 ||| DROPPING 2 scrolls of amnesia.
   619 | D:1      | 619 ||| DROPPING scroll of poison.
   996 | D:2      | Reached XP level 4. HP: 22/22 MP: 5/5
  1229 | D:2      | 1229 ||| READING scroll of identify.
  1229 | D:2      | 1229 ||| IDENTIFYING 2 purple potions
  1230 | D:2      | 1230 ||| DRINKING 2 potions of experience.
  1230 | D:2      | Reached skill level 15 in Dodging
  1230 | D:2      | Reached XP level 5. HP: 25/25 MP: 6/6
  1231 | D:2      | 1231 ||| DRINKING potion of experience.
  1231 | D:2      | Reached XP level 6. HP: 39/39 MP: 7/7
  1232 | D:2      | 1232 ||| READING scroll labelled NAIXEI RETE.
  1233 | D:2      | 1233 ||| READING scroll labelled KERUIXK FEBAJO.
  1282 | D:3      | Found an ornate altar of the Wu Jian Council.
  1283 | D:3      | Found an ancient bone altar of Kikubaaqudgha.
  1284 | D:3      | Found a glowing golden altar of the Shining One.
  1284 | D:3      | Found a hazy altar of Hepliaklqana.
  1357 | D:3      | 1357 ||| DROPPING +4 sling.
  1359 | D:3      | Found a white marble altar of Elyvilon.
  1451 | D:3      | Noticed Natasha
  1454 | D:3      | Killed Natasha
  1641 | D:3      | Noticed Natasha
  1649 | D:3      | Killed Natasha
  1822 | D:3      | 1822 ||| READING scroll of identify.
  1822 | D:3      | 1822 ||| IDENTIFYING bubbling black potion
  1875 | D:4      | Reached XP level 7. HP: 42/42 MP: 8/8
  1909 | D:4      | Found a burning altar of Makhleb.
  2401 | D:4      | 2401 ||| SWAPPING to +0 orcbow.
  2402 | D:4      | 2402 ||| DROPPING +0 shortbow.
  2403 | D:4      | 2403 ||| READING scroll of identify.
  2403 | D:4      | 2403 ||| IDENTIFYING silvery potion
  2404 | D:4      | 2404 ||| READING scroll labelled ZOMIUNNIGAC.
  2416 | D:5      | Entered Level 5 of the Dungeon
  2518 | D:5      | 2518 ||| FLEEEEING.
  2521 | D:5      | 2521 ||| FLEEEEING.
  2522 | D:5      | 2522 ||| FLEEEEING.
  2527 | D:5      | Reached skill level 6 in Ranged Weapons
  2532 | D:5      | 2532 ||| FLEEEEING.
  2533 | D:5      | 2533 ||| FLEEEEING.
  2534 | D:5      | 2534 ||| FLEEEEING.
  2536 | D:5      | 2536 ||| FLEEEEING.
  2537 | D:5      | 2537 ||| FLEEEEING.
  2959 | D:5      | Found an iron altar of Okawaru.
  2960 | D:5      | 2960 ||| PLANNING OKAWARU WORSHIP
  2960 | D:5      | 2960 ||| UPGRADING to scarf of resistance.
  2965 | D:5      | 2965 ||| READING scroll of identify.
  2965 | D:5      | 2965 ||| IDENTIFYING metallic orange potion
  2966 | D:5      | 2966 ||| DRINKING 2 viscous clear potions.
  2967 | D:5      | 2967 ||| DROPPING potion of attraction.
  2968 | D:5      | 2968 ||| DROPPING potion of ambrosia.
  2973 | D:5      | Became a worshipper of Warmaster Okawaru
  2974 | D:5      | 2974 ||| PLANNING D:1-11
  3019 | D:6      | 3019 ||| STAIRDANCE
  3026 | D:6      | 3026 ||| STAIRDANCE
  3084 | D:6      | Reached XP level 8. HP: 47/47 MP: 9/9
  3124 | D:6      | 3124 ||| ZAPPING wand of mindburst (14) at 1,-1 (black
                  | bear; floor).
  3125 | D:6      | 3125 ||| ZAPPING wand of mindburst (13) at 1,-1 (black
                  | bear; floor).
  3186 | D:6      | 3186 ||| RETREEEEATING.
  3202 | D:6      | Reached * piety under Okawaru
  3372 | D:6      | Reached skill level 1 in Invocations
  3782 | D:6      | 3782 ||| UPGRADING to ring of resist corrosion.
  3784 | D:6      | 3784 ||| READING scroll of identify.
  3784 | D:6      | 3784 ||| IDENTIFYING brown potion
  3849 | D:7      | Noticed a hornet
  3850 | D:7      | 3850 ||| INVOKING Heroism.
  3856 | D:7      | Killed a hornet
  3856 | D:7      | Reached ** piety under Okawaru
  3879 | D:7      | 3879 ||| RETREEEEATING.
  3880 | D:7      | 3880 ||| RETREEEEATING.
  3883 | D:7      | Reached XP level 9. HP: 51/51 MP: 11/11
  3895 | D:7      | 3895 ||| RETREEEEATING.
  3897 | D:7      | 3897 ||| RETREEEEATING.
  3898 | D:7      | 3898 ||| RETREEEEATING.
  3924 | D:7      | Reached skill level 3 in Invocations
  4073 | D:7      | Found a staircase to the Ecumenical Temple.
  4439 | D:7      | 4439 ||| FLEEEEING.
  4573 | D:7      | HP: 6/51 [electric eel/bolt of electricity (10)]
  4574 | D:7      | 4574 ||| READING 5 scrolls of teleportation.
  4574 | D:7      | Killed from afar by an electric eel

Levels and vault maps discovered:
D:1:      dpeg_arrival_morbid_curiosity, layout_basic, minmay_misc_feat_room
D:2:      layout_rooms, kennysheep_generic_room_10
D:3:      layout_rooms, mainiacjoe_overflow_24_doors,
          chequers_temple_overflow_statue_of_worship, uniq_natasha
D:4:      layout_basic, mainiacjoe_overflow_chevrons,
          hangedman_abyss_or_decor_jellyfish_corner
D:5:      layout_rooms, hellmonk_okawaru_the_only_friend_you_need
D:6:      layout_loops_ring
D:7:      layout_loops_cross, minmay_temple_entry_overgrown, minivault_14

Skill      XL: |  1  2  3  4  5  6  7  8  9 |
---------------+----------------------------+-----
Dodging        | 3 4 15 | 15.1
Ranged Weapons | 5 6 7 |  7.9
Fighting       | 7 |  7.8
Invocations    | 2 3 |  3.4
Stealth        | |  1.5

Action                     |  1- 3 |  4- 6 |  7- 9 || total
---------------------------+-------+-------+-------++-------
   Fire: Shortbow          |   127 |    95 |    50 ||   272
         Orcbow            |       |       |   267 ||   267
 Invoke: Heroism           |       |       |     1 ||     1
  Evoke: Wand              |       |       |     2 ||     2
    Use: Scroll            |     4 |     4 |     5 ||    13
         Potion            |       |     2 |     1 ||     3
 Armour: Robe              |    16 |     3 |    44 ||    63
  Dodge: Dodged            |    53 |    28 |   254 ||   335

Table legend:
 A = Non-vault XP
 B = Vault XP
 C = Vault XP percentage of total XP
 D = Non-vault monster count
 E = Vault monster count
 F = Vault count percentage of total count
                 A         B        C        D         E       F
            +---------+---------+-------+---------+---------+-------
      Total |    3185 |      47 |   1.5 |     158 |       7 |   4.2
            +---------+---------+-------+---------+---------+-------
        D:1 |      49 |       9 |  15.5 |      27 |       5 |  15.6
        D:2 |      58 |       3 |   4.9 |      16 |       1 |   5.9
        D:3 |     220 |      35 |  13.7 |      29 |       1 |   3.3
        D:4 |     248 |       0 |   0.0 |      22 |       0 |   0.0
        D:5 |     350 |       0 |   0.0 |      14 |       0 |   0.0
        D:6 |    1187 |       0 |   0.0 |      24 |       0 |   0.0
        D:7 |    1073 |       0 |   0.0 |      26 |       0 |   0.0
            +---------+---------+-------+---------+---------+-------
